 Dungeon Crawl Stone Soup version 0.30-a0-51-g784eafce7f (webtiles) character file.

Game seed: 5915710762589673773

4 kae the Firebug (level 1, -1/14 HPs)
             Began as a Demigod Fire Elementalist on Sept 5, 2022.
             Frozen to death by an endoplasm (4 damage)
             ... on level 1 of the Dungeon.
             The game lasted 00:00:09 (231 turns).

kae the Firebug (Demigod Fire Elementalist)          Turns: 231, Time: 00:00:10

Health: -1/14      AC:  2    Str:  9    XL:     1   Next: 46%
Magic:  1/5        EV: 12    Int: 17    God:
Gold:   36         SH:  0    Dex: 14    Spells: 2/3 levels left

rFire   . . .      SeeInvis .    (no weapon)
rCold   . . .      Faith    .    (no shield)
rNeg    . . .      Spirit   .    a - +0 robe
rPois   .          Reflect  .    (no helmet)
rElec   .          Harm     .    (no cloak)
rCorr   .          Rampage  .    (no gloves)
Will    .....                    (no boots)
Stlth   ++........               (no amulet)
HPRegen 0.04/turn                (no ring)
MPRegen 0.09/turn                (no ring)

@: no status effects
A: high MP 1, forlorn, divine attributes
a: no special abilities


You were on level 1 of the Dungeon.
You visited 1 branch of the dungeon, and saw 1 of its levels.

You collected 36 gold pieces.


Innate Abilities, Weirdness & Mutations

You have an increased reservoir of magic. (+10% MP)
You shall have no god before yourself.
Your divine heritage dramatically boosts your attributes as you level up.


   Skills:
 - Level 1.7 Dodging
 - Level 1.7 Stealth
 + Level 1.8 Spellcasting
 * Level 1.1 Conjurations
 * Level 2.8 Fire Magic


You had 2 spell levels left.
You knew the following spells:

 Your Spells              Type           Power      Damage    Failure   Level
a - Foxfire               Conj/Fire      32%        2x1d5     9%          1

Your spell library contained the following spells:

 Spells                   Type           Power      Damage    Failure   Level
 Scorch                   Fire           22%        2d6       10%         2
 Conjure Flame            Conj/Fire      8%         6-21      26%         3
 Inner Flame              Hex/Fire       6%         N/A       32%         3
 Flame Wave               Conj/Fire      8%         2d5       65%         4

Inventory:

Armour
 a - a +0 robe (worn)
Scrolls
 c - a scroll of magic mapping {unknown}
Potions
 b - a potion of magic

Dungeon Overview and Level Annotations

Branches:
Dungeon (1/15) Zot: 5768

#........... .[.. .$
#.........## ...h #.
#.........# .....#.
#.........# .....#.##
#.........# ........#
#.........# ........#
#.........#
......Jh#####.####+####
#.h@....[......#
#.v.#####.####### #...#
#.# #...# #...#
#.###.<.## #...#
#.#.#....# ...##
#.#.####.### ....
#.#......##. .....
#...≈≈......
#...≈≈......


You could see an endoplasm and 3 jackals.


Message History

Confirm with . or Enter, or press ? or * to list all spells.
You conjure some foxfire! 😎 MP[-1]
You lost 1 mp, and now have 3/5 mp.
A kobold is nearby!
Casting: Foxfire (safe; 9% risk of failure)
Confirm with . or Enter, or press ? or * to list all spells.
You conjure some foxfire!
The foxfire hits the kobold.
The kobold shouts! 😎 MP[-1]
You lost 1 mp, and now have 2/5 mp.
A kobold is nearby!
Casting: Foxfire (safe; 9% risk of failure)
Confirm with . or Enter, or press ? or * to list all spells.
You conjure some foxfire!
The foxfire hits the kobold but does no damage.
The foxfire hits the kobold.
You kill the kobold! 😎 MP[-1]
You lost 1 mp, and now have 1/5 mp.
Key pressed, stopping explore.
Unknown command. 😎 MP[+1]
Casting: Foxfire (safe; 9% risk of failure)
Confirm with . or Enter, or press ? or * to list all spells.
You conjure some foxfire!
A bat comes into view.
The bat moves out of view. 😎 MP[-1]
You lost 1 mp, and now have 1/5 mp.
A bat is nearby!
A bat is nearby!
A bat is nearby!
A bat is nearby!
Casting: Foxfire (safe; 9% risk of failure)
Confirm with . or Enter, or press ? or * to list all spells.
You conjure some foxfire! 😎 MP[-1]
You lost 1 mp, and now have 0/5 mp.
Found a stone staircase leading down. 😎 MP[+4]
You regained 4 mp, and now have 4/5 mp.
c - a scroll labelled EBOGGUH XAOWN You now have 13 gold pieces.
You now have 28 gold pieces (gained 15).
You now have 36 gold pieces (gained 8).
You see here a +0 robe.
A jackal comes into view. 😎 MP[+1]
Your mp is fully restored (5).
A jackal is nearby!
A jackal is nearby!
A jackal is nearby!
The jackal barks!
A jackal comes into view.
An endoplasm comes into view.
Casting: Foxfire (safe; 9% risk of failure)
Confirm with . or Enter, or press ? or * to list all spells.
You conjure some foxfire!
The jackal barely misses you.
The foxfire hits the jackal. x2; The jackal closely misses you. 😎 MP[-1]
You lost 1 mp, and now have 4/5 mp.
There are monsters nearby!
Casting: Foxfire (safe; 9% risk of failure)
Confirm with . or Enter, or press ? or * to list all spells.
You conjure some foxfire!
A jackal comes into view.
The jackal bites you but does no damage.
The foxfire hits the jackal.
The foxfire hits the endoplasm.
The jackal barely misses you. The jackal bites you.
The jackal misses you. 😕 HP[-1] MP[-1]
You take 1 damage, and now have 13/14 hp.
You lost 1 mp, and now have 3/5 mp.
Unknown command.
Casting: Foxfire (safe; 9% risk of failure)
Confirm with . or Enter, or press ? or * to list all spells.
You conjure some foxfire!
The jackal barely misses you. x2
The endoplasm freezes you.
You are frozen.
The foxfire hits the endoplasm.
The foxfire hits the jackal.
You kill the jackal!
The jackal bites you.
* * * LOW HITPOINT WARNING * * *
The endoplasm freezes you.
You are frozen.
* * * LOW HITPOINT WARNING * * *
The jackal barely misses you. 😱 HP[-10] MP[-1]
You take 10 damage, and now have 3/14 hp.
MASSIVE DAMAGE!! (PAUSE)
You lost 1 mp, and now have 2/5 mp.
Okay, then.
Casting: Foxfire (safe; 9% risk of failure)
Confirm with . or Enter, or press ? or * to list all spells.
You conjure some foxfire!
The foxfire hits the jackal.
A jackal comes into view.
The jackal bites you but does no damage.
The endoplasm freezes you.
You are frozen.
You die...

Skill      XL: |  1 |
---------------+----+-----
Conjurations   | 1 |  1.1
Dodging        | |  1.7
Stealth        | |  1.7
Spellcasting   | |  1.8
Fire Magic     | |  2.8

Action                   || total
-------------------------++-------
 Cast: Foxfire           ||    11
Armor: Robe              ||     2
Dodge: Dodged            ||     7

Levels and vault maps discovered:
D:1:      amcnicky_arrival_single_pillar, layout_basic

Notes
Turn   | Place    | Note
-------+----------+-------------------------------------------
     0 | D:1      | kae the Demigod Fire Elementalist began the quest for the
                  | Orb.
     0 | D:1      | Reached XP level 1. HP: 14/14 MP: 5/5
     0 | D:1      | magus.rc [v1.11.3]
   122 | D:1      | Reached skill level 1 in Conjurations
   230 | D:1      | HP: 3/14 [frozen (4)]
   231 | D:1      | Frozen to death by an endoplasm

Vanquished Creatures
  An endoplasm (D:1)
  A jackal (D:1)
  A kobold (D:1)
  A rat (D:1)
4 creatures vanquished.

Vanquished Creatures (others)
  18 foxfires (D:1)
18 creatures vanquished.

Grand Total: 22 creatures vanquished

Table legend:
 A = Non-vault XP
 B = Vault XP
 C = Vault XP percentage of total XP
 D = Non-vault monster count
 E = Vault monster count
 F = Vault count percentage of total count
                 A         B        C        D         E       F
            +---------+---------+-------+---------+---------+-------
      Total |       7 |       0 |   0.0 |       4 |       0 |   0.0
            +---------+---------+-------+---------+---------+-------
        D:1 |       7 |       0 |   0.0 |       4 |       0 |   0.0
            +---------+---------+-------+---------+---------+-------

Illustrated notes

Table legend:
 A = Kills in this place as a percentage of kills in entire the game.
 B = Kills by you in this place as a percentage of kills by you in the entire game.
 C = Kills by friends in this place as a percentage of kills by friends in the entire game.
 D = Other kills in this place as a percentage of other kills in the entire game.
 E = Experience gained in this place as a percentage of experience gained in the entire game.
 F = Experience gained in this place divided by the number of levels of this place that you have seen.
                   A       B       C       D       E      F
               +-------+-------+-------+-------+-------+----------------------
         Total | 100.0 | 100.0 |   N/A |   N/A | 100.0 |   7.0
       Dungeon | 100.0 | 100.0 |   N/A |   N/A | 100.0 |   7.0
               +-------+-------+-------+-------+-------+----------------------

Table legend: (Time is in decaauts)
 A = Elapsed time spent in this place.
 B = Non-inter-level travel time spent in this place.
 C = Inter-level travel time spent in this place.
 D = Time resting spent in this place.
 E = Time spent auto-exploring this place.
 F = Levels seen in this place.
 G = Mean time per level.
                   A        B        C        D        E       F      G
               +--------+--------+--------+--------+--------+-----+--------+
         Total |    231 |    231 |      0 |      0 |    198 |   1 |  231.0 |
       Dungeon |    231 |    231 |      0 |      0 |    198 |   1 |  231.0 |
               +--------+--------+--------+--------+--------+-----+--------+

Top non-repeatable levels by time:
     D:1: 231 daAuts
